 Dungeon Crawl Stone Soup version 0.29-a0-72-g1732ff48e7 (webtiles) character file.

Game seed: 16308536828406961527

155782 esteth the Gelid (level 16, -3/97 HPs)
             Began as a Deep Elf Conjurer on Feb 3, 2022.
             Was a High Priest of Vehumet.
             Shot with a stone by a faun (21 damage)
             ... led by a satyr
             ... on level 3 of the Shoals.
             The game lasted 01:52:49 (39951 turns).

esteth the Gelid (Deep Elf Conjurer)               Turns: 39951, Time: 01:52:49

Health: -3/97      AC:  9    Str:  4    XL:     16   Next: 81%
Magic:  29/40      EV: 15    Int: 38    God:    Vehumet [*****.]
Gold:   2626       SH:  0    Dex: 13    Spells: 5/51 levels left

rFire   + + .      SeeInvis .   f - +9 whip of Eleczur {drain, +Blink rF++ rN+}
rCold   . . .      Faith    .   (no shield)
rNeg    + . .      Spirit   .   l - +1 robe {Archmagi}
rPois   .          Reflect  .   n - +0 helmet
rElec   .          Harm     .   D - +1 cloak
rCorr   .          Rampage  .   B - +0 pair of gloves
Will    ++...      Archmagi +   a - +1 pair of boots
Stlth   ++........              g - amulet of regeneration
HPRegen 1.06/turn               b - ring of willpower
MPRegen 0.27/turn               I - +6 ring of intelligence

@: unable to drink
A: no striking features
}: 1/15 runes: serpentine
a: Renounce Religion, Evoke Blink


You were on level 3 of the Shoals.
You worshipped Vehumet.
Vehumet was extremely pleased with you.
You visited 6 branches of the dungeon, and saw 26 of its levels.

You collected 3224 gold pieces.
You spent 598 gold pieces at shops.


   Skills:
 + Level 10.1 Fighting
 + Level 2.6 Armour
 + Level 7.9 Dodging
 - Level 2.4 Stealth
 - Level 18.4 Spellcasting
 - Level 15.2 Conjurations
 - Level 5.1 Hexes
 - Level 7.4 Summonings
 - Level 5.0 Translocations
 - Level 19.3 Ice Magic


You had 5 spell levels left.
You knew the following spells:

 Your Spells              Type           Power      Damage    Failure   Level
a - Magic Dart            Conj           100%       1d8       0%          1
b - Iskenderun's Battles  Conj           100%       2d15      1%          5
f - Fulminant Prism       Conj/Hex       53%        3d23      1%          4
h - Hailstorm             Conj/Ice       100%       3d20      0%          4
i - Iskenderun's Mystic   Conj/Tloc      100%       2d19      1%          4
m - Summon Mana Viper     Hex/Summ       89%        N/A       1%          5
o - Ozocubu's Refrigerat  Ice            67%        4d18      1%          7
p - Polar Vortex          Ice            67%        N/A       9%          9
r - Frozen Ramparts       Ice            100%       1d12      0%          3
s - Summon Ice Beast      Ice/Summ       100%       N/A       1%          4

Your spell library contained the following spells:

 Spells                   Type           Power      Damage    Failure   Level
 Spellforged Servitor     Conj/Summ      55%        N/A       1%          7
 Freeze                   Ice            100%       1d11      0%          1
 Searing Ray              Conj           100%       2d8       0%          2
 Animate Skeleton         Necr           100%       N/A       1%          1
 Apportation              Tloc           100%       N/A       1%          1
 Beastly Appendage        Tmut           100%       N/A       1%          1
 Slow                     Hex            100%       N/A       1%          1
 Summon Small Mammal      Summ           100%       N/A       1%          1
 Sublimation of Blood     Necr           51%        N/A       1%          2
 Wereblood                Tmut           51%        N/A       1%          2
 Call Canine Familiar     Summ           95%        N/A       1%          3
 Confusing Touch          Hex            84%        N/A       1%          3
 Dazzling Flash           Conj/Hex       100%       N/A       1%          3
 Inner Flame              Hex/Fire       69%        N/A       1%          3
 Portal Projectile        Hex/Tloc       100%       N/A       1%          3
 Stone Arrow              Conj/Erth      100%       3d13      1%          3
 Cause Fear               Hex            42%        N/A       1%          4
 Sticky Flame             Conj/Fire      96%        2d11      1%          4
 Freezing Cloud           Conj/Ice/Air   55%        6-21      1%          5
 Irradiate                Conj/Tmut      48%        3d30      1%          5
 Summon Forest            Summ/Tloc      44%        N/A       1%          5
 Spider Form              Tmut/Pois      51%        N/A       2%          3
 Vampiric Draining        Necr           51%        2d9       2%          3
 Leda's Liquefaction      Hex/Erth       34%        N/A       3%          4
 Animate Dead             Necr           25%        N/A       9%          4
 Blade Hands              Tmut           25%        N/A       24%         5
 Borgnjor's Vile Clutch   Necr/Erth      25%        N/A       24%         5
 Excruciating Wounds      Necr           25%        N/A       24%         5
 Simulacrum               Ice/Necr       52%        N/A       2%          6
 Summon Cactus Giant      Summ           47%        N/A       6%          6
 Monstrous Menagerie      Summ           47%        N/A       34%         7
 Summon Hydra             Summ           47%        N/A       34%         7
 Death Channel            Necr           25%        N/A       78%         6
 Dragon Form              Tmut           25%        N/A       100%        7
 Discord                  Hex            42%        N/A       100%        8

Inventory:

Hand Weapons
 e - a +2 demon trident of freezing
   (You found it on level 3 of the Lair of Beasts)
 f - the +9 whip of Eleczur (weapon) {drain, +Blink rF++ rN+}
   (You found it on level 7 of the Dungeon)

   A truly terrible weapon, it drains the life of any living foe it strikes.
   rF:        It greatly protects you from fire.
   rN:        It protects you from negative energy.
   +Blink:    It lets you blink.
 v - the +5 dagger of Vapseor {vorpal, Will+}
   (You found it on level 6 of the Lair of Beasts)

   It inflicts extra damage upon your enemies.
   Will:      It increases your willpower.
 w - the +3 long sword of Responsibility {vorpal, +Blink}
   (You found it on level 2 of the Shoals)

   It inflicts extra damage upon your enemies.
   +Blink:    It lets you blink.
Missiles
 p - 7 silver javelins
 O - 51 sling bullets
Armour
 a - a +1 pair of boots (worn)
   (You found it on level 7 of the Dungeon)
 l - a +1 robe of the Archmagi (worn)
   (You took it off an orc wizard on level 2 of the Orcish Mines)
 n - a +0 helmet (worn)
   (You took it off Robin on level 2 of the Dungeon)
 o - a +2 robe of cold resistance
   (You took it off a naga on level 4 of the Snake Pit)
 s - +0 steam dragon scales
   (You found it on level 6 of the Lair of Beasts)
 B - a +0 pair of gloves (worn)
   (You found it on level 5 of the Dungeon)
 D - a +1 cloak (worn)
   (You found it on level 5 of the Dungeon)
 G - the +0 robe of the Lion {rC+ rCorr Int+2}
   (You found it on level 6 of the Dungeon)

   Int:       It affects your intelligence (+2).
   rC:        It protects you from cold.
   rCorr:     It protects you from acid and corrosion.
 K - a +2 robe of positive energy
   (You took it off a naga on level 2 of the Snake Pit)
Magical Staves
 X - a staff of conjuration {!a}
   (You found it on level 1 of the Snake Pit)
Jewellery
 b - a ring of willpower (left hand)
   (You found it on level 1 of the Dungeon)
 c - a ring of protection from cold
   (You found it on level 3 of the Lair of Beasts)
 g - an amulet of regeneration (around neck)
   (You found it on level 2 of the Lair of Beasts)
 q - a ring of willpower
   (You took it off a goblin on level 2 of the Dungeon)
 y - an amulet of reflection
   (You found it on level 3 of the Dungeon)
 C - a ring of protection from cold
   (You found it on level 4 of the Dungeon)
 E - a +4 ring of evasion
   (You found it on level 3 of the Lair of Beasts)
 F - a ring of protection from fire
   (You found it on level 3 of the Dungeon)
 I - a +6 ring of intelligence (right hand)
   (You found it on level 2 of the Lair of Beasts)
 P - a ring of poison resistance
   (You found it on level 10 of the Dungeon)
 S - a +6 ring of strength
   (You found it on level 3 of the Lair of Beasts)
Wands
 h - a wand of charming (3)
   (You took it off a naga on level 1 of the Snake Pit)
 k - a wand of polymorph (8)
   (You found it on level 5 of the Lair of Beasts)
 u - a wand of digging (5)
   (You took it off a naga on level 4 of the Snake Pit)
Scrolls
 i - 2 scrolls of magic mapping {!r}
 r - 4 scrolls of immolation {!r!r}
 x - 4 scrolls of amnesia
 z - 2 scrolls of blinking {!r}
 H - 3 scrolls of brand weapon
 L - 4 scrolls of teleportation {@r4}
 N - a scroll of identify {@r1}
 T - a scroll of fog
 V - a scroll of fear
Potions
 d - a potion of curing {@q1}
 j - 3 potions of haste {@q3}
 m - 8 potions of heal wounds {unknown}
 t - 2 potions of flight
 A - a potion of magic
 J - 3 potions of might
 M - 2 potions of ambrosia {unknown}
 Q - 3 potions of invisibility
 R - 2 potions of resistance
 U - a potion of berserk rage {unknown}
 W - 3 potions of mutation {unknown}
 Y - 5 potions of brilliance
 Z - 3 potions of attraction {!q}

Dungeon Overview and Level Annotations

Branches:
Dungeon (10/15)            Temple (1/1) D:5            Lair (6/6) D:10
 Shoals (3/4) Lair:2        Snake (4/4) Lair:4        Slime (0/5) Lair:5
    Orc (2/2) D:10            Elf (0/3) Orc:2

Altars:
Ashenzari
Cheibriados
Dithmenos
Elyvilon
Fedhas
Gozag
Hepliaklqana
Kikubaaqudgha
Makhleb
Nemelex Xobeh
Okawaru
Qazlal
Ru
Sif Muna
Trog
Uskayaw
Vehumet
Wu Jian
Xom
Yredelemnul
Zin
The Shining One
Beogh
Jiyva

Shops:
D:3 =   Orc:2 ([:*

Annotations:
D:3 exclusion: downstairs
D:6 2 transporters
D:9 exclusion: manticore
Lair:1 Fannar
Lair:4 1 runed translucent door, Som Pofo's ghost, journeyman DDGl
Lair:5 exclusion: orange crystal statue
Shoals:2 exclusion: downstairs
Shoals:3 Mlioglotl
Snake:3 exclusion: 2 ice statues

≈≈≈≈≈≈≈≈≈≈≈ ≈≈....≈
≈≈≈≈≈≈≈≈≈m≈ ≈≈≈≈.≈≈
≈≈≈≈≈≈≈≈≈≈≈ ≈≈≈≈≈≈≈
≈≈≈≈≈≈≈≈G≈≈ ≈≈≈≈≈(.
≈≈≈≈≈≈≈≈≈≈≈ ≈≈≈≈≈..
≈≈≈Xm≈≈≈.≈≈ ≈≈≈≈≈..
≈≈.≈≈≈≈..E≈ ≈≈≈≈≈..##
≈≈≈≈≈≈≈.#.≈ ≈≈≈≈≈≈.@#
≈≈≈≈≈≈.<#≈≈
≈≈≈≈≈≈......≈≈≈≈≈≈≈..(≈≈
≈≈≈≈≈≈≈....≈≈≈≈≈≈≈≈≈...#
≈≈≈≈≈≈≈≈≈≈≈≈≈≈≈≈≈.......
≈≈≈≈≈≈≈≈≈≈≈≈≈≈≈≈.......#
≈≈≈≈≈≈≈≈≈≈≈≈≈≈≈≈..#####.
≈≈≈≈≈≈≈≈...≈=)≈≈÷. #..
≈≈≈≈≈≈≈..))..cc≈c. #..
≈≈≈≈ .≈≈


You could see 2 fauns.


Message History

You climb downwards.
Level annotation: Mlioglotl The faun shouts!
You hear a shout!
The merfolk avatar chants a haunting song.
You resist.
The faun unwields a +0 spear.
The faun wields a +0 hunting sling.
The faun shoots a sling bullet.
The sling bullet hits you!
The merfolk shouts!
There is a stone staircase leading up, spattered with blood here. 😕 HP[-14] MP[+1]
You take 14 damage, and now have 83/97 hp.
The merfolk throws a boomerang.
The boomerang barely misses you.
Mlioglotl churns violently!
Mlioglotl corrupts the dungeon around him!
The faun shoots a sling bullet.
The sling bullet closely misses you.
You climb upwards.
There is a stone staircase leading down here. 😕 HP[+3] MP[+1]
You regained 3 hp, and now have 86/97 hp.
You start resting. 😎 HP[+11] MP[+3]
Your hp is fully restored (97).
You regained 3 mp, and now have 23/40 mp.
You start resting. 😎 MP[+17]
Your mp is fully restored (40).
There are no items here.
There are no items here.
Press: ? - help, v - describe, . - travel A stone staircase leading down.
Placed new exclusion.
Reduced exclusion size to a single square.
(D) Dungeon (T) Temple (L) Lair (A) Shoals (P) Snake Pit (M) Slime Pits (O) Orcish Mines (E) Elven Halls
Where to? (Enter - Shoals:3, ? - help)
Things that are here:
22 stones; a +0 club; a +0 hunting sling
There is a stone staircase leading down here.
You climb downwards.
Level annotation: Mlioglotl The satyr shouts!
The faun shouts!
The faun unwields a +0 quarterstaff.
The faun wields a +0 hunting sling of flaming.
It bursts into flame!
The faun shoots a sling bullet.
The sling bullet barely misses you.
The satyr unwields a +0 quarterstaff.
The satyr wields a +0 longbow.
The satyr shoots an arrow.
The arrow hits you!!
The faun shoots a sling bullet.
The sling bullet hits you!!
* * * LOW HITPOINT WARNING * * *
The sling bullet burns you.
* * * LOW HITPOINT WARNING * * *
A faun comes into view. It is wielding a +0 quarterstaff.
There is a stone staircase leading up, spattered with blood here. 😨 HP[-56]
You take 56 damage, and now have 41/97 hp.
MASSIVE DAMAGE!! (PAUSE)
Casting: Ozocubu's Refrigeration (dangerous; 1% risk of failure)
Confirm with . or Enter, or press ? or * to list all spells.
You feel a surge of power!
The heat is drained from your surroundings.
You feel very cold.
The satyr and the fauns are frozen.
The satyr plays a frightful melody on his pipes!
The satyr radiates an aura of fear!
You resist with almost no effort. The faun casts a spell at you.
You resist with almost no effort. 😨 HP[+1] MP[-7]
You lost 7 mp, and now have 33/40 mp.
Casting: Ozocubu's Refrigeration (dangerous; 1% risk of failure)
Confirm with . or Enter, or press ? or * to list all spells.
You feel a surge of power!
The heat is drained from your surroundings.
You feel very cold.
The satyr and the fauns are frozen.
You kill the faun!
Vehumet accepts your kill.
You feel your power returning.
You kill the faun!
Vehumet accepts your kill.
You feel your power returning.
The satyr shoots an arrow.
The arrow hits you!
* * * LOW HITPOINT WARNING * * *
You hear a shout! 😨 HP[-8] MP[-1]
You take 8 damage, and now have 34/97 hp.
You lost 1 mp, and now have 32/40 mp.
Casting: Ozocubu's Refrigeration (dangerous; 1% risk of failure)
Confirm with . or Enter, or press ? or * to list all spells.
You feel a surge of power!
The heat is drained from your surroundings.
You feel very cold.
The satyr is frozen.
You kill the satyr!
Vehumet accepts your kill.
You feel your power returning. 😨 HP[+1] MP[-3]
You lost 3 mp, and now have 29/40 mp.
You start resting.
A faun comes into view. It is wielding a +0 spear. 😨 HP[+1]
There are monsters nearby!
The faun shoots a sling bullet.
The sling bullet hits you!!
* * * LOW HITPOINT WARNING * * *
The faun unwields a +0 spear.
The faun wields a +0 hunting sling.
The faun shoots a stone.
The stone hits you!!
You die...

Skill      XL: |  1  2  3  4  5  6  7  8  9 10 11 12 13 14 15 16 |
---------------+-------------------------------------------------+-----
Conjurations   | 5 6 7 8 10 14 15 | 15.2
Spellcasting   | 4 5 9 10 11 15 18 | 18.4
Hexes          | 2 3 5 |  5.1
Translocations | 3 5 |  5.0
Fighting       | 2 5 7 9 10 | 10.1
Ice Magic      | 3 7 10 11 12 14 17 19 | 19.3
Summonings     | 7 |  7.4
Dodging        | 6 7 |  7.9
Armour         | 2 |  2.6
Stealth        | |  2.4

Action                   |  1- 3 |  4- 6 |  7- 9 | 10-12 | 13-15 | 16-18 || total
-------------------------+-------+-------+-------+-------+-------+-------++-------
Melee: Dagger            |     3 |     1 |       |       |       |       ||     4
       Mace              |       |    13 |    19 |       |       |       ||    32
       Punch             |       |     1 |       |     2 |     1 |       ||     4
       Whip              |       |       |     4 |   102 |    84 |     4 ||   194
 Cast: Magic Dart        |    74 |   132 |   192 |   245 |    81 |       ||   724
       Fulminant Prism   |       |     9 |    49 |    38 |     3 |       ||    99
       Iskenderun's Myst |       |       |     8 |    36 |    10 |       ||    54
       Hailstorm         |       |       |     5 |     8 |     3 |       ||    16
       Frozen Ramparts   |       |       |     2 |    48 |    25 |       ||    75
       Ozocubu's Refrige |       |       |       |    31 |   277 |   127 ||   435
       Summon Ice Beast  |       |       |       |    11 |     9 |     2 ||    22
       Summon Mana Viper |       |       |       |       |     8 |       ||     8
       Iskenderun's Batt |       |       |       |       |     4 |       ||     4
       Polar Vortex      |       |       |       |       |       |     3 ||     3
  Use: Scroll            |       |     3 |    10 |     7 |     5 |     9 ||    34
       Potion            |       |     1 |       |     2 |     1 |       ||     4
Armor: Robe              |     3 |     8 |    20 |    71 |    33 |     7 ||   142
       Steam dragon scal |       |       |       |       |     9 |       ||     9
Dodge: Dodged            |     9 |    21 |    36 |   116 |    99 |    26 ||   307
Block: Other             |       |     7 |    16 |    26 |       |       ||    49
       Reflection        |       |       |     1 |       |       |       ||     1

Levels and vault maps discovered:
D:1:      nicolae_arrival_somewhat_less_tricky_arrival, layout_rooms,
          serial_bayou_lake_a
D:2:      layout_rooms, dreamdust_ecumenical_altar_statues, uniq_robin
D:3:      layout_rooms, serial_shops, nicolae_shop_behind_doors, fountainhead,
          uniq_jessica
D:4:      minmay_clustersquares, layout_cave_pools, cheibrodos_sewer_entry_bend,
          minmay_mini_ossuary
D:5:      corexii_shantytown, layout_basic, mainiacjoe_overflow_chevrons,
          temple_green, uniq_blork_the_orc
D:6:      gammafunk_cloud_chamber, layout_cave_pods
D:7:      layout_loops_ring
D:8:      layout_basic, hangedman_minor_gate_pass
D:9:      layout_irregular_city, kennysheep_cross_bottleneck, uniq_harold
D:10:     layout_loops_ring, kennysheep_mini,
          nicolae_overflow_hallway_of_the_gods, orc_0_dummy, uniq_joseph,
          uniq_erolcha
Temple:   jpeg_temple_island
Lair:1:   layout_roguey, serial_rivers, chequers_serial_rivers_small_b,
          chequers_serial_rivers_room_b, chequers_serial_rivers_micro_b,
          chequers_serial_rivers_micro_a, chequers_serial_rivers_room_b,
          grunt_megastairs_4, uniq_fannar
Lair:2:   layout_cave_pods, minmay_shoals_entry_beasts, st_stairs_7,
          wad_woods_river_01
Lair:3:   layout_loops_ring
Lair:4:   layout_misc_corridors, minmay_snake_entry_six_corridors,
          gammafunk_ghost_grave, serial_bayou_shore_a
Lair:5:   layout_misc_corridors, slime_altar_1, disabler_island,
          serial_bayou_shore_b, uniq_josephine
Lair:6:   cheibrodos_lair_end_hotspot, layout_regular_city
Shoals:1: layout_shoals, nicolae_shoals_mertower
Shoals:2: layout_shoals
Shoals:3: layout_shoals, uniq_bai_suzhen, uniq_mlioglotl
Snake:1:  layout_honeycomb
Snake:2:  layout_chambers, nicolae_snake_round_shape_thing, drop_trap
Snake:3:  layout_cave_town, portal_ice_cave_entry_ice_statue_two, uniq_aizul
Snake:4:  snake_pit, layout_cave_town, basic_altar
Orc:1:    layout_diamond_mine, serial_shops, shop, basic_altar,
          nicolae_shop_overcharged_wands
Orc:2:    grunt_orc_cross, layout_caves, ebering_ghost_inner_flame

Notes
Turn   | Place    | Note
-------+----------+-------------------------------------------
     0 | D:1      | esteth the Deep Elf Conjurer began the quest for the Orb.
     0 | D:1      | Reached XP level 1. HP: 10/10 MP: 6/6
   167 | D:1      | magus.rc [v1.11.3]
   226 | D:1      | Reached XP level 2. HP: 15/15 MP: 6/8
   796 | D:2      | Reached skill level 5 in Conjurations
   927 | D:2      | Reached XP level 3. HP: 11/19 MP: 6/10
  1386 | D:2      | Found a faded altar of an unknown god.
  1395 | D:2      | You pick up a book of Frost and begin reading...
  1395 | D:2      | You add the spells Freeze, Frozen Ramparts and Hailstorm to
                  | your library.
  1403 | D:2      | Noticed Robin
  1408 | D:2      | Killed Robin
  1409 | D:2      | Reached skill level 4 in Spellcasting
  1633 | D:2      | Reached XP level 4. HP: 24/24 MP: 9/12
  1638 | D:2      | Learned a level 4 spell: Fulminant Prism
  1932 | D:3      | Reached skill level 1 in Hexes
  2025 | D:3      | Noticed Jessica
  2030 | D:3      | Killed Jessica
  2031 | D:3      | Reached skill level 6 in Conjurations
  2140 | D:3      | You fall into a shaft and drop 2 floors!
  2140 | D:5      | Entered Level 5 of the Dungeon
  2174 | D:5      | Reached skill level 2 in Hexes
  2253 | D:5      | Reached XP level 5. HP: 28/28 MP: 8/13
  2289 | D:5      | Found a white marble altar of Elyvilon.
  2344 | D:4      | HP: 3/28 [iguana (14)]
  2838 | D:4      | Reached skill level 3 in Hexes
  3082 | D:3      | Identified the +6 mace "Qirph" {freeze, rElec rC- rN+}
  3347 | D:3      | Found Acok's Jewellery Shop.
  4068 | D:4      | Reached XP level 6. HP: 32/32 MP: 9/14
  4155 | D:4      | Noticed an orc warrior
  4209 | D:4      | Reached skill level 4 in Hexes
  4508 | D:4      | Killed an orc warrior
  4509 | D:4      | Reached skill level 7 in Conjurations
  4730 | D:4      | Reached skill level 5 in Spellcasting
  4781 | D:4      | Identified the +8 mace "Paehurgh" {protect, *Noise rPois
                  | rC+}
  4965 | D:4      | Reached skill level 5 in Hexes
  4965 | D:4      | Reached XP level 7. HP: 36/36 MP: 10/16
  5432 | D:5      | Learned a level 4 spell: Iskenderun's Mystic Blast
  5460 | D:5      | Reached skill level 1 in Translocations
  5532 | D:5      | Reached skill level 2 in Translocations
  6145 | D:5      | Noticed Blork the orc
  6155 | D:5      | Killed Blork the orc
  6156 | D:5      | Reached skill level 8 in Conjurations
  6156 | D:5      | Reached skill level 3 in Translocations
  6428 | D:5      | Found a staircase to the Ecumenical Temple.
  6436 | Temple   | Entered the Ecumenical Temple
  6652 | Temple   | Became a worshipper of Vehumet
  6778 | D:5      | Reached XP level 8. HP: 41/41 MP: 9/18
  7042 | D:6      | Reached skill level 4 in Translocations
  7166 | D:6      | Found a transporter.
  7199 | D:6      | Identified a scroll of acquirement
  7419 | D:6      | Reached skill level 9 in Conjurations
  7419 | D:6      | Reached skill level 5 in Translocations
  7903 | D:6      | Reached skill level 10 in Conjurations
  7908 | D:6      | Learned a level 4 spell: Hailstorm
  8214 | D:6      | You pick up a book of Weapons and begin reading...
  8214 | D:6      | You add the spells Portal Projectile, Excruciating Wounds
                  | and Blade Hands to your library.
  8256 | D:6      | Reached skill level 1 in Fighting
  8256 | D:6      | Reached skill level 1 in Ice Magic
  8293 | D:6      | Reached skill level 2 in Ice Magic
  8588 | D:6      | Found a transporter.
  8664 | D:6      | Identified the +0 robe of the Lion {rC+ rCorr Int+2}
  8883 | D:7      | Reached skill level 2 in Fighting
  8888 | D:6      | Reached * piety under Vehumet
  8888 | D:6      | Offered knowledge of Shock by Vehumet.
  8894 | D:6      | Reached skill level 3 in Ice Magic
  8894 | D:6      | Reached XP level 9. HP: 37/49 MP: 3/19
  9304 | D:7      | Reached skill level 3 in Fighting
  9304 | D:7      | Reached skill level 4 in Ice Magic
  9600 | D:7      | Identified the +9 whip of Eleczur {drain, +Blink rF++ rN+}
  9780 | D:7      | Reached skill level 5 in Ice Magic
  9921 | D:7      | Reached skill level 4 in Fighting
 10104 | D:7      | You add the spells Stone Arrow, Sticky Flame and Ozocubu's
                  | Refrigeration to your library.
 10104 | D:7      | Got the Grimoire of the Destructive Snowflakes
 10109 | D:7      | Learned a level 3 spell: Frozen Ramparts
 10226 | D:7      | You pick up a book of Beasts and begin reading...
 10226 | D:7      | You add the spells Summon Ice Beast, Summon Mana Viper and
                  | Monstrous Menagerie to your library.
 10697 | D:8      | Reached skill level 6 in Ice Magic
 10830 | D:8      | Reached skill level 5 in Fighting
 10939 | D:8      | Reached skill level 7 in Ice Magic
 10940 | D:8      | Reached XP level 10. HP: 39/59 MP: 0/20
 11683 | D:9      | You pick up a book of Blood and begin reading...
 11683 | D:9      | You add the spells Sublimation of Blood, Wereblood and
                  | Summon Hydra to your library.
 11688 | D:9      | Noticed a manticore
 11712 | D:9      | Noticed a two-headed ogre
 11721 | D:9      | Noticed Harold
 11974 | D:9      | Noticed a two-headed ogre
 12013 | D:9      | Killed a two-headed ogre
 12014 | D:9      | Reached skill level 6 in Fighting
 12014 | D:9      | Reached skill level 8 in Ice Magic
 12092 | D:9      | Offered knowledge of Sandblast by Vehumet.
 12093 | D:9      | Reached ** piety under Vehumet
 12249 | D:9      | Acquired 805 gold pieces
 12254 | D:9      | Killed Harold
 12266 | D:9      | Killed a two-headed ogre
 12267 | D:9      | Reached skill level 7 in Fighting
 12267 | D:9      | Reached skill level 9 in Ice Magic
 13046 | D:10     | Entered Level 10 of the Dungeon
 13051 | D:10     | Noticed Joseph
 13059 | D:10     | Killed Joseph
 13688 | D:10     | Found a staircase to the Orcish Mines.
 13703 | D:10     | Noticed Erolcha
 13732 | D:10     | You pick up a book of the Hunter and begin reading...
 13732 | D:10     | You add the spells Call Canine Familiar and Leda's
                  | Liquefaction to your library.
 13754 | D:10     | Reached skill level 10 in Ice Magic
 13755 | D:10     | Killed Erolcha
 13756 | D:10     | Reached XP level 11. HP: 68/68 MP: 7/21
 13931 | D:10     | Found a staircase to the Lair.
 13990 | D:10     | Found a glowing golden altar of the Shining One.
 13992 | D:10     | Found a hide-covered altar of Uskayaw.
 13995 | D:10     | Found a basalt altar of Yredelemnul.
 13999 | D:10     | Found a bloodstained altar of Trog.
 14000 | D:10     | Found a glowing silver altar of Zin.
 14002 | D:10     | Found a sacrificial altar of Ru.
 14002 | D:10     | Found a shimmering altar of Xom.
 14004 | D:10     | Found an opulent altar of Gozag.
 14115 | D:10     | Found an iron altar of Okawaru.
 14118 | D:10     | Found a burning altar of Makhleb.
 14120 | D:10     | Found a sparkling altar of Nemelex Xobeh.
 14174 | D:10     | Found a shimmering blue altar of Sif Muna.
 14411 | D:10     | Reached skill level 8 in Fighting
 14657 | Lair:1   | Entered Level 1 of the Lair of Beasts
 14903 | Lair:1   | Reached skill level 11 in Ice Magic
 15543 | Lair:1   | Reached skill level 6 in Spellcasting
 15551 | Lair:1   | Reached skill level 9 in Fighting
 15687 | Lair:1   | Offered knowledge of Conjure Flame by Vehumet.
 15688 | Lair:1   | Noticed Fannar
 16097 | Lair:2   | Reached skill level 7 in Spellcasting
 16622 | Lair:2   | Found a staircase to the Shoals.
 16642 | Lair:2   | Learned a level 7 spell: Ozocubu's Refrigeration
 16798 | Lair:2   | Reached skill level 8 in Spellcasting
 16909 | Lair:2   | Reached *** piety under Vehumet
 17536 | Lair:2   | Reached skill level 9 in Spellcasting
 17538 | Lair:2   | Reached XP level 12. HP: 77/77 MP: 13/27
 17640 | Lair:2   | You pick up a book of Changes and begin reading...
 17640 | Lair:2   | You add the spells Beastly Appendage and Spider Form to
                  | your library.
 18368 | Lair:2   | Learned a level 4 spell: Summon Ice Beast
 18407 | Lair:3   | You pick up a book of Changes and begin reading...
 18676 | Lair:3   | You pick up a book of Transfigurations and begin reading...
 18676 | Lair:3   | You add the spells Irradiate and Dragon Form to your
                  | library.
 18724 | Lair:3   | Reached skill level 10 in Spellcasting
 18731 | Lair:3   | Reached skill level 11 in Conjurations
 18878 | Lair:3   | Offered knowledge of Inner Flame by Vehumet.
 19549 | Lair:3   | Reached skill level 12 in Conjurations
 19946 | Lair:4   | Reached skill level 13 in Conjurations
 20042 | Lair:4   | You pick up a book of Cantrips and begin reading...
 20042 | Lair:4   | You add the spells Animate Skeleton, Summon Small Mammal
                  | and Apportation to your library.
 20243 | Lair:4   | Noticed a five-headed hydra
 20252 | Lair:4   | Killed a five-headed hydra
 20508 | Lair:4   | Reached skill level 14 in Conjurations
 20540 | Lair:4   | Found a staircase to the Snake Pit.
 20591 | Lair:4   | Noticed a six-headed hydra
 20595 | Lair:4   | Killed a six-headed hydra
 20773 | Lair:4   | Found a runed translucent door.
 20774 | Lair:4   | Noticed Som Pofo's ghost (journeyman DDGl)
 20776 | Lair:4   | Identified the +4 ring mail of Gravitas {Dex+5}
 20923 | Lair:4   | Reached **** piety under Vehumet
 21317 | Lair:5   | You pick up a book of Debilitation and begin reading...
 21317 | Lair:5   | You add the spells Slow, Vampiric Draining and Confusing
                  | Touch to your library.
 21567 | Lair:5   | Noticed an eight-headed hydra
 21579 | Lair:5   | Killed an eight-headed hydra
 21580 | Lair:5   | Reached XP level 13. HP: 81/81 MP: 4/29
 21835 | Lair:5   | Reached skill level 15 in Conjurations
 21849 | Lair:5   | Offered knowledge of Yara's Violent Unravelling by Vehumet.
 21986 | Lair:5   | Learned a level 5 spell: Summon Mana Viper
 22126 | Lair:5   | Reached skill level 1 in Summonings
 22148 | Lair:5   | Noticed Josephine
 22165 | Lair:5   | Killed Josephine
 22166 | Lair:5   | Reached skill level 2 in Summonings
 22333 | Lair:5   | Reached skill level 3 in Summonings
 22639 | Lair:5   | Found a viscous altar of Jiyva.
 22639 | Lair:5   | Found a staircase to the Slime Pits.
 22946 | Lair:5   | Reached skill level 4 in Summonings
 23124 | Lair:6   | Entered Level 6 of the Lair of Beasts
 23322 | Lair:6   | Reached skill level 5 in Summonings
 23766 | Lair:6   | Reached skill level 6 in Summonings
 23985 | Lair:6   | Reached skill level 7 in Summonings
 24314 | Lair:6   | Reached skill level 3 in Dodging
 24478 | Lair:6   | Found a large runed translucent door.
 24478 | Lair:6   | Found a large runed translucent door.
 24633 | Lair:6   | Noticed a fire dragon
 24882 | Lair:6   | Reached skill level 4 in Dodging
 25870 | Lair:6   | Killed a fire dragon
 25877 | Lair:6   | Identified the +5 dagger of Vapseor {vorpal, Will+}
 26157 | Orc:1    | Entered Level 1 of the Orcish Mines
 26208 | Orc:1    | Found Widossog's Overcharged Wands.
 26213 | Orc:1    | Reached skill level 5 in Dodging
 26213 | Orc:1    | Reached skill level 11 in Spellcasting
 26469 | Orc:2    | Entered Level 2 of the Orcish Mines
 26524 | Orc:2    | Found a staircase to the Elven Halls.
 26674 | Orc:2    | Reached skill level 12 in Ice Magic
 26744 | Orc:2    | Found a runed translucent door.
 26746 | Orc:2    | Noticed anonymous's ghost (journeyman DEEE)
 26856 | Orc:2    | Noticed an orc warlord
 26880 | Orc:2    | Killed an orc warlord
 27100 | Orc:2    | Identified a +1 robe of the Archmagi
 27103 | Orc:2    | Reached ***** piety under Vehumet
 27103 | Orc:2    | Offered knowledge of Flame Wave by Vehumet.
 27107 | Orc:2    | Reached skill level 6 in Dodging
 27108 | Orc:2    | Reached XP level 14. HP: 87/87 MP: 11/31
 27109 | Orc:2    | Noticed Urug
 27235 | Orc:2    | Killed Urug
 27389 | Orc:2    | Found Mawneick's Antique Weapon Emporium.
 27405 | Orc:2    | Found Xawus's Book Emporium.
 27412 | Orc:2    | Bought a book of Ice for 598 gold pieces
 27412 | Orc:2    | You pick up a book of Ice and begin reading...
 27412 | Orc:2    | You add the spells Freezing Cloud, Simulacrum and Polar
                  | Vortex to your library.
 27503 | Orc:2    | Found Zomaac Oqys's General Store.
 27576 | Orc:2    | Found Xyge's Antique Armour Emporium.
 27637 | Orc:2    | Killed anonymous's ghost
 27638 | Orc:2    | Reached skill level 12 in Spellcasting
 27792 | Snake:1  | Entered Level 1 of the Snake Pit
 28305 | Snake:1  | Reached skill level 13 in Ice Magic
 28367 | Snake:1  | Reached skill level 13 in Spellcasting
 29316 | Snake:2  | You pick up a book of the Hunter and begin reading...
 29682 | Snake:2  | Reached skill level 14 in Spellcasting
 29939 | Snake:2  | Reached skill level 14 in Ice Magic
 30122 | Snake:2  | Noticed a nagaraja
 30201 | Snake:2  | Offered knowledge of Starburst by Vehumet.
 30232 | Snake:2  | Killed a nagaraja
 30375 | Snake:2  | You pick up a book of the Wilderness and begin reading...
 30375 | Snake:2  | You add the spells Summon Forest and Summon Cactus Giant to
                  | your library.
 31438 | Snake:3  | Reached skill level 15 in Spellcasting
 31519 | Snake:3  | Found a frozen archway.
 31522 | Snake:3  | Noticed Aizul
 31533 | Snake:3  | Killed Aizul
 31768 | Snake:3  | Reached XP level 15. HP: 92/92 MP: 21/36
 31939 | Snake:3  | Identified the +0 helmet of Ziwes {*Slow rElec rC- Str+9
                  | SInv}
 31969 | Snake:3  | Reached skill level 15 in Ice Magic
 32704 | Snake:3  | Reached skill level 16 in Spellcasting
 33240 | Snake:4  | Entered Level 4 of the Snake Pit
 33377 | Snake:4  | Noticed a nagaraja
 33380 | Snake:4  | Killed a nagaraja
 33506 | Snake:4  | Found a stormy altar of Qazlal.
 33631 | Snake:4  | Offered knowledge of Iskenderun's Battlesphere by Vehumet.
 33645 | Snake:4  | Learned a level 5 spell: Iskenderun's Battlesphere
 33787 | Snake:4  | Reached skill level 16 in Ice Magic
 33975 | Snake:4  | Reached skill level 17 in Spellcasting
 34470 | Snake:4  | Noticed a nagaraja
 34477 | Snake:4  | Killed a nagaraja
 34618 | Snake:4  | Noticed a nagaraja
 34626 | Snake:4  | Killed a nagaraja
 34711 | Snake:4  | You pick up a book of Hexes and begin reading...
 34711 | Snake:4  | You add the spells Inner Flame, Cause Fear and Discord to
                  | your library.
 34868 | Snake:4  | Reached skill level 18 in Spellcasting
 35150 | Snake:4  | Reached skill level 17 in Ice Magic
 35517 | Snake:4  | Reached XP level 16. HP: 79/96 MP: 32/40
 35544 | Snake:4  | Learned a level 9 spell: Polar Vortex
 35728 | Snake:4  | Got a serpentine rune of Zot
 36056 | Shoals:1 | Entered Level 1 of the Shoals
 36928 | Shoals:1 | Reached skill level 18 in Ice Magic
 37972 | Shoals:2 | Identified the +3 long sword of Responsibility {vorpal,
                  | +Blink}
 38104 | Shoals:2 | Reached skill level 19 in Ice Magic
 38642 | Shoals:2 | You pick up a book of Unlife and begin reading...
 38642 | Shoals:2 | You add the spells Animate Dead, Borgnjor's Vile Clutch and
                  | Death Channel to your library.
 38776 | Shoals:2 | Reached skill level 1 in Armour
 38898 | Shoals:2 | Reached skill level 7 in Dodging
 39464 | Shoals:3 | Reached skill level 2 in Armour
 39537 | Shoals:3 | Offered knowledge of Spellforged Servitor by Vehumet.
 39765 | Shoals:3 | Noticed Bai Suzhen
 39775 | Shoals:3 | Killed Bai Suzhen
 39776 | Shoals:3 | Reached skill level 10 in Fighting
 39785 | Shoals:3 | Noticed Mlioglotl
 39951 | Shoals:3 | HP: 18/97 [faun/sling bullet[a satyr] (19)]
 39951 | Shoals:3 | Shot with a stone by a faun

Vanquished Creatures
  Bai Suzhen (Shoals:3)
  7 nagarajas
  An orc warlord (Orc:2)
  The ghost of anonymous the Eclecticist, a journeyman DEEE of Vehumet (Orc:2)
  Josephine (Lair:5)
  3 merfolk javelineers (Shoals:1)
  A fire dragon (Lair:6)
  4 merfolk impalers
  11 naga warriors
  4 salamander tyrants
  6 hydras
  An alligator snapping turtle (Shoals:2)
  A centaur warrior (Shoals:3)
  Erolcha (D:10)
  2 merfolk avatars
  5 anacondas
  2 merfolk aquamancers
  2 two-headed ogres
  Urug (Orc:2)
  A satyr (Shoals:3)
  6 shock serpents
  An orc high priest (Orc:2)
  18 naga sharpshooters
  4 salamander mystics
  7 sea snakes
  2 orc knights (Orc:2)
  2 lindwurms
  2 naga ritualists (Snake:4)
  9 mana vipers
  9 harpies (Shoals:2)
  3 orc sorcerers (Orc:2)
  11 salamanders
  2 cyclopes
  2 manticores
  10 fauns
  5 merfolk sirens
  Joseph (D:10)
  39 black mambas
  3 molten gargoyles (Lair:6)
  14 naga magi
  2 torpor snails
  13 cane toads
  3 rime drakes
  9 komodo dragons
  3 trolls
  15 merfolk
  5 wind drakes
  8 dream sheep
  4 snapping turtles (Shoals:2)
  9 blink frogs
  7 water elementals
  4 wraiths
  30 yaks
  10 wyverns
  5 basilisks
  2 steam dragons (Lair:6)
  A warg (Orc:2)
  45 nagas
  An acid dragon (D:8)
  19 water moccasins
  2 hell hounds (Lair:6)
  16 orc warriors
  3 black bears
  2 ice beasts
  2 sky beasts
  A hornet zombie (D:6)
  4 centaurs
  25 wolves
  2 ogres
  2 kobold brigands
  Blork the orc (D:5)
  8 bullfrogs
  2 scorpions
  A wyvern zombie (D:9)
  A water moccasin zombie (D:5)
  10 killer bees
  6 wights
  3 electric eels
  4 howler monkeys
  7 lava snakes
  2 centaur zombies
  A bullfrog zombie (D:7)
  4 hounds
  2 centaur skeletons
  13 orc priests
  3 iguanas
  A bullfrog skeleton (D:7)
  A gnoll shaman (D:4)
  Jessica (D:3)
  11 orc wizards
  2 hound skeletons (D:4)
  A mummy (D:4)
  A howler monkey zombie (D:9)
  Robin (D:2)
  5 adders
  11 gnolls
  2 howler monkey skeletons
  A shadow imp (D:6)
  A white imp (D:8)
  An adder skeleton (D:4)
  4 worms
  5 dart slugs
  47 orcs
  4 ball pythons
  4 bats
  9 endoplasms
  3 giant cockroaches
  22 hobgoblins
  6 jackals
  A quokka (D:5)
  A frilled lizard (D:3)
  20 goblins
  27 kobolds
  4 orc zombies (D:4)
  3 rats
728 creatures vanquished.

Vanquished Creatures (collateral kills)
  Aizul (Snake:3)
  Harold (D:9)
  A two-headed ogre (D:9)
  A naga sharpshooter (Snake:1)
  An orc sorcerer (Orc:2)
  A salamander (Snake:3)
  A black mamba (Lair:6)
  A naga mage (Snake:2)
  A rime drake (Lair:6)
  A basilisk (Lair:6)
  A hell hound (Lair:6)
11 creatures vanquished.

Vanquished Creatures (others)
  99 fulminant prisms
  53 fungi
  212 plants
  2 withered plants (Lair:4)
366 creatures vanquished.

Grand Total: 1105 creatures vanquished

Table legend:
 A = Non-vault XP
 B = Vault XP
 C = Vault XP percentage of total XP
 D = Non-vault monster count
 E = Vault monster count
 F = Vault count percentage of total count
                 A         B        C        D         E       F
            +---------+---------+-------+---------+---------+-------
      Total |  145161 |   58814 |  28.8 |     526 |     213 |  28.8
            +---------+---------+-------+---------+---------+-------
        D:1 |      26 |       0 |   0.0 |      13 |       0 |   0.0
        D:2 |      48 |      34 |  41.5 |      21 |      11 |  34.4
        D:3 |      42 |      37 |  46.8 |      15 |       1 |   6.2
        D:4 |     246 |     290 |  54.1 |      18 |      21 |  53.8
        D:5 |     492 |     240 |  32.8 |      15 |      43 |  74.1
        D:6 |    1295 |       0 |   0.0 |      22 |       0 |   0.0
        D:7 |    1220 |       0 |   0.0 |      19 |       0 |   0.0
        D:8 |    1843 |     393 |  17.6 |      17 |       5 |  22.7
        D:9 |    2273 |     881 |  27.9 |      11 |       1 |   8.3
       D:10 |    1372 |    1319 |  49.0 |      22 |       2 |   8.3
     Lair:1 |    4553 |     580 |  11.3 |      21 |       5 |  19.2
     Lair:2 |    3494 |    2354 |  40.3 |      16 |       8 |  33.3
     Lair:3 |    5092 |       0 |   0.0 |      22 |       0 |   0.0
     Lair:4 |    6858 |    1656 |  19.5 |      23 |       9 |  28.1
     Lair:5 |    5380 |    1639 |  23.4 |      17 |       6 |  26.1
     Lair:6 |    5878 |    7833 |  57.1 |      20 |      26 |  56.5
   Shoals:1 |    7451 |    5232 |  41.3 |      20 |       7 |  25.9
   Shoals:2 |   20643 |       0 |   0.0 |      39 |       0 |   0.0
   Shoals:3 |    6587 |    3069 |  31.8 |      13 |       1 |   7.1
    Snake:1 |   10049 |       0 |   0.0 |      25 |       0 |   0.0
    Snake:2 |   14978 |       0 |   0.0 |      31 |       0 |   0.0
    Snake:3 |   21600 |    1246 |   5.5 |      40 |       1 |   2.4
    Snake:4 |   20788 |   22814 |  52.3 |      43 |      31 |  41.9
      Orc:1 |    1013 |       0 |   0.0 |       5 |       0 |   0.0
      Orc:2 |    1940 |    9197 |  82.6 |      18 |      35 |  66.0
            +---------+---------+-------+---------+---------+-------

Illustrated notes

Table legend:
 A = Kills in this place as a percentage of kills in entire the game.
 B = Kills by you in this place as a percentage of kills by you in the entire game.
 C = Kills by friends in this place as a percentage of kills by friends in the entire game.
 D = Other kills in this place as a percentage of other kills in the entire game.
 E = Experience gained in this place as a percentage of experience gained in the entire game.
 F = Experience gained in this place divided by the number of levels of this place that you have seen.
                   A       B       C       D       E      F
               +-------+-------+-------+-------+-------+----------------------
         Total | 100.0 | 100.0 | 100.0 |   N/A | 100.0 | 7845.2
       Dungeon |  34.8 |  35.0 |  18.2 |   N/A |   5.9 | 1205.1
          Lair |  23.4 |  23.2 |  36.4 |   N/A |  22.2 | 7552.8
        Shoals |  10.8 |  11.0 |   0.0 |   N/A |  21.1 | 14327.3
     Snake Pit |  23.1 |  22.9 |  36.4 |   N/A |  44.8 | 22868.8
  Orcish Mines |   7.8 |   7.8 |   9.1 |   N/A |   6.0 | 6075.0
               +-------+-------+-------+-------+-------+----------------------

Table legend: (Time is in decaauts)
 A = Elapsed time spent in this place.
 B = Non-inter-level travel time spent in this place.
 C = Inter-level travel time spent in this place.
 D = Time resting spent in this place.
 E = Time spent auto-exploring this place.
 F = Levels seen in this place.
 G = Mean time per level.
                   A        B        C        D        E       F      G
               +--------+--------+--------+--------+--------+-----+--------+
         Total |  40243 |  39091 |   1152 |   3083 |  30427 |  26 | 1547.8 |
       Dungeon |  14526 |  14095 |    431 |   1254 |  10602 |  10 | 1452.6 |
        Temple |    269 |    239 |     30 |      0 |    224 |   1 |  269.0 |
          Lair |  11642 |  11271 |    371 |    294 |   9316 |   6 | 1940.3 |
        Shoals |   4017 |   3925 |     92 |    755 |   2797 |   3 | 1339.0 |
     Snake Pit |   8239 |   8048 |    191 |    472 |   6585 |   4 | 2059.8 |
  Orcish Mines |   1547 |   1513 |     34 |    308 |    902 |   2 |  773.5 |
               +--------+--------+--------+--------+--------+-----+--------+

Top non-repeatable levels by time:
  Lair:6: 2914 daAuts
 Snake:4: 2687 daAuts
  Lair:2: 2423 daAuts
     D:4: 2266 daAuts
Shoals:2: 2222 daAuts
 Snake:2: 2114 daAuts
 Snake:3: 2085 daAuts
     D:6: 2033 daAuts
  Lair:5: 1959 daAuts
     D:5: 1877 daAuts
Shoals:1: 1659 daAuts
    D:10: 1659 daAuts
  Lair:4: 1654 daAuts
  Lair:1: 1453 daAuts
     D:9: 1394 daAuts
